 Dungeon Crawl Stone Soup version 0.23-a0-175-g97aacdb (webtiles) character file.

9275 Amnesiac the Destroyer (level 11, -14/68 HPs)
             Began as a Mummy Ice Elementalist on Sept 16, 2018.
             Was a Priest of Vehumet.
             Demolished by a white very ugly thing (26 damage)
             ... on level 8 of the Dungeon.
             The game lasted 00:25:08 (11190 turns).

Amnesiac the Destroyer (Mummy Ice Elementalist)    Turns: 11190, Time: 00:25:09

Health: -14/68     AC: 10    Str: 12    XL:     11   Next: 20%
Magic:  16/24      EV: 11    Int: 26    God:    Vehumet [***...]
Gold:   482        SH:  6    Dex:  7    Spells: 15/28 levels left

rFire    . . .     SeeInvis .   d - +0 hunting sling (venom)
rCold    . . .     Gourm    .   u - +2 buckler
rNeg     + + +     Faith    .   j - +3 leather armour "Hatul" {-Tele Int+8 Dex-5 Slay+5}
rPois    ∞         Spirit   .   b - +1 hat
rElec    .         Reflect  .   p - +0 cloak
rCorr    .         Harm     .   g - +0 pair of gloves
MR       +....     NoTele   +   t - +0 pair of boots
Stlth    +.........             (no amulet)
HPRegen  0.21/turn              c - ring of fire
MPRegen  0.19/turn              (no ring)

@: no status effects
A: no food or potions, fire vulnerability, cold resistance 1, negative energy
resistance 3, torment resistance, unbreathing
a: Renounce Religion


You were on level 8 of the Dungeon.
You worshipped Vehumet.
Vehumet was most pleased with you.
You were not hungry.

You visited 2 branches of the dungeon, and saw 10 of its levels.
You also visited: Sewer and Bailey.

You collected 482 gold pieces.

Inventory:

Hand Weapons
 d - a +0 hunting sling of venom (weapon)
 i - a +0 rapier of draining
 v - a +0 blowgun
Missiles
 f - 251 stones
 w - 32 poisoned needles
 A - 52 sling bullets (quivered)
Armour
 b - a +1 hat (worn)
 e - a +2 leather armour of magic resistance
 g - a +0 pair of gloves (worn)
 j - the +3 leather armour "Hatul" (worn) {-Tele Int+8 Dex-5 Slay+5}
   (You found it on level 4 of the Dungeon)

   It affects your intelligence (+8).
   It affects your dexterity (-5).
   It affects your accuracy and damage with ranged weapons and melee attacks
   (+5).
   It prevents most forms of teleportation.
 l - a scarf of cloud immunity
 p - a +0 cloak (worn)
 t - a +0 pair of boots (worn)
 u - a +2 buckler (worn)
Jewellery
 c - a ring of fire (left hand)
Wands
 q - a wand of disintegration (10)
 s - a wand of digging (11)
 D - a wand of polymorph (10)
Scrolls
 a - 5 scrolls of teleportation {!r}
 h - 3 scrolls of remove curse {!r}
 k - 2 scrolls of blinking {!r}
 m - a scroll of summoning {!r}
 n - 2 scrolls of fog {!r}
 o - 2 scrolls of enchant armour {!r}
 r - 2 scrolls of fear {!r}
 x - a scroll of magic mapping {!r}
 y - a scroll of silence {!r}
 z - a scroll of amnesia {!r}
 B - 2 scrolls of noise {!r}
 E - a scroll of immolation {!r, unknown}
Miscellaneous
 C - a fan of gales


   Skills:
 - Level 1.5 Dodging
 - Level 1.5 Stealth
 - Level 5.0 Shields
 + Level 9.0 Spellcasting
 * Level 9.2 Conjurations
 * Level 9.0 Ice Magic


You had 15 spell levels left.
You knew the following spells:

 Your Spells              Type           Power        Failure   Level  Hunger
a - Throw Icicle          Conj/Ice       ######..     1%          4    N/A
b - Throw Frost           Conj/Ice       ######       1%          2    N/A
d - Freeze                Ice            ####         1%          1    N/A
e - Mephitic Cloud        Conj/Pois/Air  ####....     1%          3    N/A
z - Ozocubu's Armour      Chrm/Ice       #####...     3%          3    N/A

Your spell library contained the following spells:

 Spells                   Type           Power        Failure   Level  Hunger
 Static Discharge         Conj/Air       #####...     1%          3    N/A
 Sting                    Conj/Pois      ####         1%          1    N/A
 Venom Bolt               Conj/Pois      #####.....   7%          5    N/A
 Poisonous Vapours        Pois/Air       ##....       10%         2    N/A
 Summon Ice Beast         Ice/Summ       #####...     10%         4    N/A
 Olgreb's Toxic Radiance  Pois           ##......     17%         4    N/A

Dungeon Overview and Level Annotations

Branches:
Dungeon (9/15)             Temple (1/1) D:7
   Lair: D:8-11         Orc: D:9-12

Altars:
Cheibriados
Elyvilon
Fedhas
Hepliaklqana
Kikubaaqudgha
Qazlal
Ru
Sif Muna
Uskayaw
Vehumet
Wu Jian
Xom
Yredelemnul

Shops:
D:7 [


Innate Abilities, Weirdness & Mutations

You do not eat or drink.
Your flesh is vulnerable to fire.
You are immune to poison.
Your flesh is cold resistant. (rC+)
You are immune to negative energy. (rN+++)
You are immune to unholy pain and torment.
You can survive without breathing.


Message History

Aim: a fire crab (flame, chance to defeat MR: 48%)
The fire crab is blasted.
The fire crab breathes flames at you.
The white very ugly thing is engulfed in blazing flames.
Evoke which item? (* to show all) (? for menu, Esc to quit)
Okay, then.
Casting: Throw Icicle (safe; 1% risk of failure)
Confirm with . or Enter, or press ? or * to list all spells.
You can't see any susceptible monsters within range! (Use Z to cast anyway.)
Casting: Throw Icicle (safe; 1% risk of failure)
Confirm with . or Enter, or press ? or * to list all spells.
Aiming: Mephitic Cloud (safe; 1% risk of failure)
Press: ? - help, Shift-Dir - straight line, p - fire crab The ball explodes into a vile cloud!
The stinking cloud engulfs the white very ugly thing.
The white very ugly thing is lightly wounded.
You hear a roar!
Unknown command.
Casting: Mephitic Cloud (safe; 1% risk of failure)
Confirm with . or Enter, or press ? or * to list all spells.
Aiming: Mephitic Cloud (safe; 1% risk of failure)
Press: ? - help, Shift-Dir - straight line, f - white very ugly thing
Aim: a white very ugly thing (lightly wounded)
The ball explodes into a vile cloud!
The stinking cloud engulfs the white very ugly thing.
The white very ugly thing is lightly wounded.
The fire crab breathes flames at you.
The white very ugly thing is engulfed in noxious fumes.
Unknown command.
You are engulfed in blazing flames.
Casting: Mephitic Cloud (safe; 1% risk of failure)
Confirm with . or Enter, or press ? or * to list all spells.
Aiming: Mephitic Cloud (safe; 1% risk of failure)
Press: ? - help, Shift-Dir - straight line, f/p - white very ugly thing
Aim: a white very ugly thing (moderately wounded)
The ball explodes into a vile cloud!
The stinking cloud engulfs the white very ugly thing.
The white very ugly thing is moderately wounded.
The white very ugly thing is engulfed in noxious fumes.
The eight-headed hydra roars!
The white very ugly thing is engulfed in noxious fumes.
Casting: Mephitic Cloud (safe; 1% risk of failure)
Confirm with . or Enter, or press ? or * to list all spells.
You don't know that spell.
You block the eight-headed hydra's attack.
The eight-headed hydra bites you. x2
You block the eight-headed hydra's attack.
The eight-headed hydra bites you but does no damage.
The eight-headed hydra barely misses you.
The eight-headed hydra bites you but does no damage. x2
The eight-headed hydra closely misses you.
The eight-headed hydra bites you!
The eight-headed hydra bites you but does no damage.
The eight-headed hydra bites you.
The eight-headed hydra barely misses you.
The eight-headed hydra misses you. The eight-headed hydra bites you!
* * * LOW HITPOINT WARNING * * *
The eight-headed hydra bites you but does no damage.
Really read
k - 2 scrolls of blinking {!r}?
You cannot blink because you are wearing the +3 leather armour "Hatul" {-Tele The white very ugly thing punches you!!
* * * LOW HITPOINT WARNING * * *
The white very ugly thing freezes you!!
You die...

##....#### ##..###.# ###
###...)..# ##..## #.# ..#
#...#..#.######..## #)#
#.#
#.##...#.......(######.#
#.#
#......#######......##.#
.##
###§§#....##........##.#
..###
##§#####..).##.>...##.#
#.(.# ##u.#
#uD...##.....##.### ..#u#
#..## ##.@..........##.<.#
###.# #.##
##....(.##.....####.#
#.####t####Z.#....##.....#
###
#.......)...##>...##.....#
##.........###....##.>...#
#.....)..[# #....##.....#
#.........# #############
#.........# #.........#


You could see a white very ugly thing, an eight-headed hydra and a killer bee
simulacrum.

Vanquished Creatures
  2 two-headed ogres
  A deep elf mage (D:9)
  A yaktaur (D:8)
  Grinder (D:6)
  3 hippogriffs
  Sigmund (D:2)
  A yak (D:9)
  A wyvern (D:9)
  Eustachio (D:4)
  3 hungry ghosts
  Edmund (D:3)
  Duvessa (D:4)
  3 ice beasts
  4 sky beasts
  2 black bears
  3 orc warriors
  3 ogres
  2 phantoms
  6 centaurs
  6 big kobolds
  8 gnoll sergeants (Bailey)
  3 bullfrogs (D:8)
  3 scorpions
  A wyvern skeleton (D:9)
  Dowan (D:4)
  7 killer bees (D:9)
  5 howler monkeys
  2 crimson imps
  A centaur zombie (D:6)
  4 jellies
  4 orc priests
  7 hounds
  5 bullfrog skeletons
  6 gnoll shamans (Bailey)
  A centaur skeleton (D:8)
  6 orc wizards
  Ijyb (D:3)
  7 worker ants
  A hound zombie (D:6)
  A worker ant zombie (D:7)
  14 gnolls (Bailey)
  2 howler monkey skeletons
  9 adders
  3 river rats (Sewer)
  3 shadow imps
  9 oozes
  2 adder zombies (D:6)
  An adder skeleton (D:4)
  4 worms (Sewer)
  3 dart slugs (D:3)
  7 leopard geckos
  24 orcs
  5 bats
  12 giant cockroaches
  7 hobgoblins
  A jackal (D:4)
  4 quokkas
  4 ball pythons
  4 frilled lizards
  14 goblins
  A jackal zombie (D:5)
  19 kobolds
  A leopard gecko skeleton (D:6)
  A quokka skeleton (D:4)
  7 rats
281 creatures vanquished.

Vanquished Creatures (others)
  A human (D:5)
1 creature vanquished.

Grand Total: 282 creatures vanquished

Notes
Turn   | Place    | Note
-------+----------+-------------------------------------------
     0 | D:1      | Amnesiac the Mummy Ice Elementalist began the quest for the
                  | Orb.
     0 | D:1      | Reached XP level 1. HP: 13/13 MP: 4/4
     6 | D:1      | Noticed a polar bear
     6 | D:1      | Noticed an anaconda
     6 | D:1      | Noticed a killer bee
   114 | D:2      | Noticed Sigmund
   239 | D:2      | Reached XP level 2. HP: 16/19 MP: 2/5
   248 | D:2      | Learned a level 2 spell: Throw Frost
   785 | D:4      | Reached XP level 3. HP: 20/24 MP: 2/7
   832 | D:4      | Reached XP level 4. HP: 11/30 MP: 3/9
   891 | D:4      | Learned a level 3 spell: Ozocubu's Armour
   896 | D:4      | Learned a level 4 spell: Throw Icicle
  1056 | D:5      | Entered Level 5 of the Dungeon
  1056 | D:5      | Noticed Duvessa
  1172 | D:4      | Reached XP level 5. HP: 35/35 MP: 8/11
  1185 | D:4      | Got an amethyst-studded leather armour
  1196 | D:4      | Identified the +3 leather armour "Hatul" {-Tele Int+8 Dex-5
                  | Slay+5} (You found it on level 4 of the Dungeon)
  1221 | D:4      | Noticed Edmund
  1259 | D:3      | Noticed Ijyb
  1386 | D:3      | Killed Edmund
  1386 | D:3      | Reached XP level 6. HP: 7/41 MP: 0/13
  1660 | D:4      | Reached skill level 5 in Spellcasting
  1660 | D:4      | Reached skill level 5 in Ice Magic
  2177 | D:4      | Reached XP level 7. HP: 39/46 MP: 11/15
  2320 | D:4      | Noticed Eustachio
  2332 | D:4      | Killed Eustachio
  2597 | D:4      | Reached skill level 1 in Conjurations
  2709 | D:5      | Noticed Dowan
  2719 | D:4      | Killed Dowan
  2720 | D:4      | HP: 1/46 [Duvessa/rapier (13)]
  2721 | D:4      | Killed Duvessa
  2721 | D:4      | Reached XP level 8. HP: 1/52 MP: 3/17
  3511 | D:5      | Reached skill level 5 in Conjurations
  3779 | D:5      | Found an ancient bone altar of Kikubaaqudgha.
  4071 | D:6      | Found a hide-covered altar of Uskayaw.
  4117 | D:6      | Noticed Grinder
  4132 | D:6      | Paralysed by Grinder for 7 turns
  4164 | D:6      | Paralysed by Grinder for 6 turns
  4165 | D:6      | Killed Grinder
  4444 | D:6      | Reached XP level 9. HP: 57/57 MP: 12/18
  4474 | D:6      | Found a glowing drain.
  4506 | Sewer    | Entered a sewer
  5430 | D:7      | Found a staircase to the Ecumenical Temple.
  5453 | Temple   | Entered the Ecumenical Temple
  5512 | Temple   | Became a worshipper of Vehumet
  5715 | D:2      | Killed Sigmund
  6342 | D:3      | Reached * piety under Vehumet
  6342 | D:3      | Offered knowledge of Magic Dart by Vehumet.
  6400 | D:3      | Killed Ijyb
  7310 | D:7      | Found Ironu's Armour Emporium.
  7458 | D:7      | Found a shimmering altar of Xom.
  7458 | D:7      | Found a shimmering altar of Xom.
  7504 | D:7      | Found a shimmering altar of Xom.
  7504 | D:7      | Found a shimmering altar of Xom.
  7506 | D:7      | Found a shimmering altar of Xom.
  7506 | D:7      | Found a shimmering altar of Xom.
  7717 | D:8      | Reached skill level 1 in Shields
  7815 | D:8      | Reached XP level 10. HP: 42/63 MP: 3/21
  7831 | D:8      | Found a runed door.
  7831 | D:8      | Noticed an eight-headed hydra
  7831 | D:8      | Noticed a white very ugly thing
  7831 | D:8      | Noticed a fire crab
  7833 | D:8      | Noticed a yaktaur captain
  7944 | D:8      | Offered knowledge of Sting by Vehumet.
  7992 | D:8      | Reached ** piety under Vehumet
  8072 | D:8      | Noticed a two-headed ogre
  8077 | D:8      | Killed a two-headed ogre
  8077 | D:8      | Reached skill level 5 in Shields
  8109 | D:8      | Found a flagged portal.
  8116 | Bailey   | Entered a bailey
  8783 | Bailey   | Offered knowledge of Throw Flame by Vehumet.
  9370 | D:8      | Learned a level 3 spell: Mephitic Cloud
  9762 | D:9      | Noticed a deep elf mage
  9773 | D:9      | Noticed an orange demon
  9793 | D:9      | Killed a deep elf mage
  9944 | D:9      | Reached *** piety under Vehumet
 10008 | D:9      | Noticed a two-headed ogre
 10012 | D:9      | Killed a two-headed ogre
 10067 | D:9      | Reached XP level 11. HP: 68/68 MP: 23/23
 10529 | D:9      | Offered knowledge of Static Discharge by Vehumet.
 11190 | D:8      | Demolished by a white very ugly thing

Vault maps used:
D:1:      onia_arrival_zoo_common, serial_bayou_crossing
D:2:      uniq_sigmund
D:3:      minmay_wonky_spiral, lightli_corner_chamber, uniq_ijyb
D:4:      uniq_edmund, uniq_eustachio
D:5:      first_ration, tgw_kikubaaqudgha, uniq_duvessa
D:6:      basic_altar, gup_sewer_entry_pipe, minmay_misc_feat_columns,
          uniq_grinder
D:7:      xom_shifter_show, minmay_temple_entry_statues_pillars, serial_shops,
          shop, grunt_ogre_cave
D:8:      minmay_gate_of_8, enter_bailey_3
D:9:      minmay_distorted_concentric_squares
Temple:   minmay_crystal_snake_temple
Sewer:    sewer_co_tree
Bailey:   bailey_polearm_gnolls_kennysheep, bailey

Skill      XL: |  1  2  3  4  5  6  7  8  9 10 11 |
---------------+----------------------------------+-----
Ice Magic      | 3 4 5 6 7 8 9 |  9.0
Spellcasting   | 3 4 5 6 7 8 9 |  9.0
Conjurations   | 3 6 7 8 9 |  9.2
Shields        | 3 5 |  5.0
Dodging        | |  1.5
Stealth        | |  1.5

Action                   |  1- 3 |  4- 6 |  7- 9 | 10-12 || total
-------------------------+-------+-------+-------+-------++-------
 Fire: Hunting sling     |    17 |    52 |   447 |   200 ||   716
 Cast: Freeze            |    25 |    42 |    46 |    11 ||   124
       Ozocubu's Armour  |       |     1 |       |       ||     1
       Throw Icicle      |       |       |    39 |   102 ||   141
       Mephitic Cloud    |       |       |       |     9 ||     9
Evoke: Wand              |       |       |       |     3 ||     3
  Use: Scroll            |       |     3 |    10 |     3 ||    16
Armor: Robe              |     3 |     1 |       |       ||     4
       Leather armour    |       |    11 |   141 |    45 ||   197
Dodge: Dodged            |    11 |    31 |   125 |    67 ||   234
Block: Buckler           |       |       |       |    52 ||    52

Table legend:
 A = Non-vault XP
 B = Vault XP
 C = Vault XP percentage of total XP
 D = Non-vault monster count
 E = Vault monster count
 F = Vault count percentage of total count
                 A         B        C        D         E       F
            +---------+---------+-------+---------+---------+-------
      Total |    8255 |    4995 |  37.7 |     199 |      82 |  29.2
            +---------+---------+-------+---------+---------+-------
        D:1 |      27 |       0 |   0.0 |      16 |       0 |   0.0
        D:2 |      25 |     220 |  89.8 |      12 |       1 |   7.7
        D:3 |      65 |     200 |  75.5 |      24 |       3 |  11.1
        D:4 |     828 |     412 |  33.2 |      25 |       3 |  10.7
        D:5 |     470 |       0 |   0.0 |      19 |       0 |   0.0
        D:6 |     635 |     299 |  32.0 |      18 |       6 |  25.0
        D:7 |     552 |     121 |  18.0 |       8 |       1 |  11.1
        D:8 |    2624 |     195 |   6.9 |      34 |       5 |  12.8
        D:9 |    3029 |    1784 |  37.1 |      43 |       5 |  10.4
      Sewer |       0 |     543 | 100.0 |       0 |      28 | 100.0
     Bailey |       0 |    1221 | 100.0 |       0 |      30 | 100.0
            +---------+---------+-------+---------+---------+-------
